 Dungeon Crawl Stone Soup version 0.18.1-48-g4cf74bf (webtiles) character file.

61 Legadrian the Sneak (level 4, -6/23 HPs)
             Began as a Vine Stalker Assassin on June 25, 2016.
             Mangled by a hobgoblin
             ... wielding a +0 club
             ... led by Robin
              (7 damage)
             ... on level 2 of the Dungeon.
             The game lasted 00:07:40 (1113 turns).

Legadrian the Sneak (Vine Stalker Assassin)         Turns: 1113, Time: 00:07:41

Health: -6/23      AC:  3    Str: 13    XL:     4   Next: 7%
Magic:  0/5        EV: 11    Int: 11    God:
Gold:   30         SH:  0    Dex: 17    Spells: 0 memorised, 3 levels left

rFire  . . .     SeeInvis .     a - +2 dagger
rCold  . . .     Gourm    .     c - +0 robe
rNeg   . . .     Faith    .     (no shield)
rPois  .         Spirit   +     (no helmet)
rElec  .         Dismiss  .     d - +0 cloak
rCorr  .         Reflect  .     (no gloves)
SustAt .         Harm     .     (no boots)
MR     .....                    (no amulet)
Stlth  ++++......               (no ring)
                                (no ring)

@: not resistant to hostile enchantments, stealthy
A: fangs 2, regeneration 1, magic shield, antimagic bite, no device heal 3, rot
immunity
a: no special abilities


You were on level 2 of the Dungeon.
You were not hungry.

You visited 1 branch of the dungeon, and saw 2 of its levels.

You collected 30 gold pieces.

Inventory:

Hand Weapons
 a - a +2 dagger (weapon)
 b - a +0 blowgun
Missiles
 e - 8 poisoned needles
 f - 2 curare-tipped needles
Armour
 c - a +0 robe (worn)
 d - a +0 cloak (worn)
 s - a +0 helmet
Scrolls
 k - 2 scrolls of noise {unknown}
 m - a scroll of random uselessness {unknown}
 o - a scroll of magic mapping {unknown}
 p - a scroll of teleportation {unknown}
 q - a scroll of identify {unknown}
 t - a scroll of enchant weapon {unknown}
Potions
 j - a potion of haste {unknown}
 l - 4 potions of curing {unknown}
 n - a potion of resistance {unknown}
 r - a potion of cure mutation {unknown}
 u - a potion of degeneration {unknown}
Comestibles
 g - 2 bread rations
 h - 2 meat rations
 i - 16 chunks of flesh


   Skills:
 - Level 1.9 Fighting
 * Level 1.8 Short Blades
 - Level 1.7 Throwing
 - Level 0.7 Dodging
 * Level 6.8 Stealth


You had 3 spell levels left.
You didn't know any spells.

Dungeon Overview and Level Annotations

Branches:
Dungeon (2/15)

Altars:
Vehumet

Annotations:
D:2 Robin


Innate Abilities, Weirdness & Mutations

You have extremely sharp teeth.
Your natural rate of healing is unusually fast.
When hurt, damage is shared between your health and your magic reserves.
Your bite disrupts and absorbs the magic of your enemies.
Potions and wands cannot restore your health.
You are immune to rotting.


Message History

The hobgoblin is heavily wounded.
The hobgoblin barely misses you.
You hit the hobgoblin.
The hobgoblin is almost dead.
The goblin hits you but does no damage. The hobgoblin closely misses you.
You barely miss the hobgoblin. Your bite misses the hobgoblin.
The hobgoblin is almost dead.
Robin throws the goblin at you! The goblin hits you with a club.
The goblin hits you with a dagger. Robin throws the goblin at you!
The goblin hits you with a dagger. The goblin hits you with a club!
* * * LOW HITPOINT WARNING * * *
The goblin hits you with a club.
* * * LOW HITPOINT WARNING * * *
You see here a jackal skeleton.
You hit the goblin.
The goblin is heavily wounded.
The goblin no longer looks unusually strong. x2
The hobgoblin hits you with a club!
You die...

############# ###
#...'g.gg...#( ≈≈#
#...'.gg.g..'[ ≈≈#
#..g#..g..g.#####≈≈#
#...##########...≈≈#
#..ggg..(...(#...≈≈#
#..g.@g......#...≈≈#
##'##gg...##'##..≈≈#
#...#g....#...#..≈≈#
#...#).)..#(..#..≈≈#
#...#.....#...#..≈≈#
##'##.....##)##..≈≈#
#.).#.....#......≈≈#
#...#..)..#.....≈≈≈#
#≈≈≈#.....#≈≈≈≈≈≈≈##


You could see Robin, a hobgoblin and 7 goblins.

Vanquished Creatures
  An adder (D:2)
  A dart slug (D:1)
  3 giant geckos
  6 bats
  5 giant cockroaches
  8 goblins
  4 hobgoblins
  3 jackals (D:2)
  3 kobolds
  2 ball pythons (D:2)
  3 giant newts (D:2)
  2 rats
41 creatures vanquished.

Notes
Turn   | Place    | Note
--------------------------------------------------------------
     0 | D:1      | Legadrian the Vine Stalker Assassin began the quest for the Orb.
     0 | D:1      | Reached XP level 1. HP: 11/11 MP: 2/2
    61 | D:1      | Reached skill level 5 in Stealth
   113 | D:1      | Reached XP level 2. HP: 15/15 MP: 3/3
   623 | D:2      | Reached XP level 3. HP: 18/18 MP: 4/4
   650 | D:2      | Reached skill level 6 in Stealth
   713 | D:2      | Found a radiant altar of Vehumet.
  1015 | D:2      | Reached XP level 4. HP: 23/23 MP: 5/5
  1098 | D:2      | Noticed Robin
  1112 | D:2      | HP: 1/23 [goblin/club[Robin] (3)]
  1113 | D:2      | Mangled by a hobgoblin

Skill      XL: |  1  2  3 |
---------------+----------+-----
Stealth        | 5 6 |  6.8
Fighting       | |  1.9
Short Blades   | |  1.8
Throwing       | |  1.7
Dodging        | |  0.7

Action                   |  1- 3 |  4- 6 || total
-------------------------+-------+-------++-------
Melee: Dagger            |    79 |    18 ||    97
       Bite              |     9 |     2 ||    11
 Stab: Sleeping          |    19 |       ||    19
  Eat: Chunk             |       |     1 ||     1
Armor: Robe              |    25 |     9 ||    34
Dodge: Dodged            |    39 |     9 ||    48
